 Dungeon Crawl Stone Soup version 0.21.1-1-g345015f (webtiles) character file.

218 Kairos the Shield-Bearer (level 5, -3/49 HPs)
             Began as a Deep Dwarf Fighter on Apr 23, 2018.
             Killed from afar by an orc wizard (4 damage)
             ... with a magic dart
             ... on level 4 of the Dungeon.
             The game lasted 00:06:25 (2906 turns).

Kairos the Shield-Bearer (Deep Dwarf Fighter)       Turns: 2906, Time: 00:06:26

Health: -3/49      AC: 16    Str: 18 (19) XL:     5   Next: 63%
Magic:  4/4        EV:  8    Int:  9      God:
Gold:   119        SH:  9    Dex: 12 (13) Spells: 4/4 levels left

rFire    . . .     SeeInvis .   a - +0 war axe
rCold    . . .     Gourm    .   c - +0 shield
rNeg     . . .     Faith    .   b - +0 scale mail
rPois    .         Spirit   .   j - +2 helmet
rElec    .         Reflect  .   (no cloak)
rCorr    .         Harm     .   (no gloves)
MR       .....                  (no boots)
Stlth    ..........             i - amulet of rage
HPRegen  0.00/turn              k - ring of flight
MPRegen  0.09/turn              n - +6 ring of protection

@: non-regenerating
A: damage resistance, heal wounds, sense surroundings 1, no regeneration
a: Heal Wounds, Evoke Berserk Rage, Evoke Flight


You were on level 4 of the Dungeon.
You were not hungry.

You visited 1 branch of the dungeon, and saw 4 of its levels.

You collected 119 gold pieces.

Inventory:

Hand Weapons
 a - a +0 war axe (weapon)
Armour
 b - a +0 scale mail (worn)
 c - a +0 shield (worn)
 j - a +2 helmet (worn)
Jewellery
 i - an amulet of rage (around neck)
 k - a ring of flight (left hand)
 n - a +6 ring of protection (right hand)
Scrolls
 e - 7 scrolls of identify {unknown}
 g - 3 scrolls of teleportation
 h - a scroll of immolation {unknown}
 l - 2 scrolls of remove curse {unknown}
 o - 3 scrolls of blinking {unknown}
Potions
 d - a potion of might
 m - a potion of lignification
Comestibles
 f - 7 rations


   Skills:
 + Level 3.3 Fighting
 + Level 4.1 Axes
 + Level 3.9 Armour
 + Level 1.5 Dodging
 + Level 4.7 Shields


You had 4 spell levels left.
You didn't know any spells.

Dungeon Overview and Level Annotations

Branches:
Dungeon (4/15)
 Temple: D:4-7

Altars:

Annotations:
D:4 emiel's ghost, amateur GnWn


Innate Abilities, Weirdness & Mutations

You are resistant to damage.
You can heal yourself by infusing magical energy.
You passively map a small area around you.
You do not regenerate.


Message History

You slash the orc priest!
The orc priest is severely wounded.
You closely miss emiel's ghost.
The orc priest hits you but does no damage.
Emiel's ghost hits you. You block the orc priest's attack.
You hit the orc priest.
The orc priest is almost dead.
You hit emiel's ghost. You hit the orc wizard. Emiel's ghost barely misses you.
The orc wizard gestures at you while chanting.
The puff of flame misses you.
The orc priest mumbles some strange prayers to Beogh against you.
Pain shoots through your body!
* * * LOW HITPOINT WARNING * * *
You block emiel's ghost's attack.
You closely miss the orc priest.
The orc priest is almost dead.
You hit emiel's ghost but do no damage. You hit the orc wizard.
The orc wizard points at you and mumbles some strange words.
The magic dart hits you!
You die...

* * #.# #.#.# ,,
#.####.... #......# ,
#......# , #####......#
* ##. #..........###....
##### #...#...........#
##...##
#...o.......#####
##.....###.o@W......##,
, #.......##<..#......#
,,, ,
#.<.....##..........##,
, ,
#.....([.....#.......# ,
##.......#...#.#####.#,,
#.......######.. .#
#.......# ##.# .#
#.......# *.# .# >
##.....## .# , ,


You could see an orc priest, an orc wizard and emiel's ghost.

Vanquished Creatures
  An orc priest (D:3)
  7 adders
  2 oozes
  An adder skeleton (D:4)
  A worm (D:2)
  3 dart slugs (D:1)
  9 leopard geckos
  7 orcs
  2 ball pythons
  13 bats
  5 giant cockroaches
  10 goblins
  6 hobgoblins
  4 jackals
  2 frilled lizards (D:3)
  A giant cockroach zombie (D:4)
  6 kobolds
  7 rats
87 creatures vanquished.

Notes
Turn   | Place    | Note
-------+----------+-------------------------------------------
     0 | D:1      | Kairos the Deep Dwarf Fighter began the quest for the Orb.
     0 | D:1      | Reached XP level 1. HP: 20/20 MP: 1/1
    38 | D:1      | Reached XP level 2. HP: 27/27 MP: 2/2
   250 | D:1      | Reached XP level 3. HP: 26/34 MP: 3/3
   576 | D:2      | You fall through a shaft for 2 floors!
   576 | D:4      | Noticed emiel's ghost (amateur GnWn)
   821 | D:2      | Reached XP level 4. HP: 10/42 MP: 4/4
  1001 | D:2      | Reached skill level 1 in Dodging
  1851 | D:3      | Reached XP level 5. HP: 4/49 MP: 5/5
  1943 | D:3      | HP: 1/49 [orc/hand axe (3)]
  2905 | D:4      | HP: 1/49 [orc priest/nerve-wracking pain (7)]
  2906 | D:4      | Killed from afar by an orc wizard

Skill      XL: |  1  2  3  4  5 |
---------------+----------------+-----
Fighting       | 3 |  3.3
Axes           | 3 4 |  4.1
Shields        | 4 |  4.7
Dodging        | 1 |  1.5
Armour         | |  3.9

Action                   |  1- 3 |  4- 6 || total
-------------------------+-------+-------++-------
Melee: War axe           |   118 |   181 ||   299
 Abil: Heal Wounds       |       |     1 ||     1
  Use: Potion            |     2 |     3 ||     5
       Scroll            |     1 |       ||     1
  Eat: Chunk             |       |     5 ||     5
       Ration            |       |     1 ||     1
Armor: Scale mail        |    60 |   118 ||   178
Dodge: Dodged            |    38 |    78 ||   116
Block: Shield            |    84 |   139 ||   223
